 Dungeon Crawl Stone Soup version 0.23.0-3-gf3c87f2 (webtiles) character file.

Game seed: 2446495564136818201

5079 Borgoz the Slicer (level 10, 0/69 HPs)
             Began as a Ghoul Enchanter on Feb 24, 2019.
             Was a Believer of Ashenzari.
             Slain by a yak (14 damage)
             ... on level 9 of the Dungeon.
             The game lasted 00:18:38 (8807 turns).

Borgoz the Slicer (Ghoul Enchanter)                 Turns: 8807, Time: 00:18:39

Health: 0/69       AC:  7    Str: 13    XL:     10   Next: 56%
Magic:  2/11       EV: 15    Int: 10    God:    Ashenzari [**....]
Gold:   470        SH:  0    Dex: 12    Spells: 9/12 levels left

rFire    . . .     SeeInvis +   i - +2 dagger (venom)
rCold    + . .     Gourm    .   (no shield)
rNeg     + + +     Faith    .   k - +0 robe
rPois    ∞         Spirit   .   (no helmet)
rElec    .         Reflect  .   K - +0 cloak
rCorr    .         Harm     .   s - +0 pair of gloves
MR       .....                  f - +2 pair of boots
Stlth    +++++.....             (no amulet)
HPRegen  0.00/turn              w - ring of see invisible
MPRegen  0.12/turn              q - ring of stealth

@: rotting
A: rotting body, claws 1, carnivore, cold resistance 1, negative energy
resistance 3, inhibited regeneration, torment resistance, unbreathing
a: Curse Item, Scrying, Renounce Religion


You were on level 9 of the Dungeon.
You worshipped Ashenzari.
Ashenzari was pleased with you.
You were not hungry.

You visited 2 branches of the dungeon, and saw 10 of its levels.

You collected 522 gold pieces.
You spent 52 gold pieces at shops.

Inventory:

Hand Weapons
 i - a +2 dagger of venom (weapon)
 J - a +4 quarterstaff of chaos
Missiles
 B - 5 curare-tipped needles
Armour
 f - a +2 pair of boots (worn)
 j - the cursed +1 robe of Grace {MR+ Int+5}
   (You found it on level 8 of the Dungeon)

   It affects your intelligence (+5).
   It affects your resistance to hostile enchantments.
   It has a curse placed upon it.
 k - a +0 robe (worn)
 s - a +0 pair of gloves (worn)
 K - a +0 cloak (worn)
Jewellery
 q - a ring of stealth (right hand)
 w - a ring of see invisible (left hand)
Wands
 n - a wand of polymorph (22)
 t - a wand of iceblast (9)
 v - a wand of flame (14)
 y - a wand of digging (7)
 F - a wand of disintegration (10)
Scrolls
 b - a scroll of noise {unknown}
 e - 6 scrolls of remove curse
 g - 7 scrolls of teleportation
 h - a scroll of blinking
 l - 2 scrolls of fear {unknown}
 p - a scroll of immolation {unknown}
 u - 2 scrolls of magic mapping
 x - a scroll of fog {unknown}
 A - a scroll of enchant weapon {unknown}
 E - a scroll of amnesia {unknown}
 H - 2 scrolls of enchant armour {unknown}
 M - a scroll of torment {unknown}
 N - a scroll of holy word {unknown}
Potions
 a - a potion of berserk rage {unknown}
 c - 2 potions of resistance
 m - 7 potions of curing
 r - 2 potions of cancellation
 z - 4 potions of haste
 C - a potion of ambrosia {unknown}
 D - 3 potions of brilliance {unknown}
 G - 2 potions of agility
 I - a potion of flight {unknown}
 L - a potion of lignification {unknown}
Comestibles
 d - 22 rations
 o - 3 chunks of flesh


   Skills:
 * Level 8.2 Short Blades
 + Level 5.9 Dodging
 + Level 8.2 Stealth
 - Level 1.7 Spellcasting
 * Level 7.9 Hexes


You had 9 spell levels left.
You knew the following spells:

 Your Spells              Type           Power        Failure   Level  Hunger
a - Corona                Hex            ###....      1%          1    ##.....
b - Ensorcelled Hibernat  Hex/Ice        #.....       10%         2    ###....

Your spell library contained the following spells:

 Spells                   Type           Power        Failure   Level  Hunger
 Confuse                  Hex            ###.....     3%          3    ####...
 Tukima's Dance           Hex            ###.....     3%          3    ####...
 Dazzling Spray           Conj/Hex       #.....       19%         3    ####...


Dungeon Overview and Level Annotations

Branches:
Dungeon (9/15)             Temple (1/1) D:5
   Lair: D:8-11         Orc: D:9-12

Altars:
Ashenzari
Cheibriados
Dithmenos
Elyvilon
Fedhas
Gozag
Hepliaklqana
Kikubaaqudgha
Makhleb
Nemelex Xobeh
Okawaru
Qazlal
Ru
Sif Muna
Trog
Uskayaw
Vehumet
Wu Jian
Xom
Yredelemnul
Zin
The Shining One

Shops:
D:4 [   D:8 ?

Annotations:
D:7 2 transporters
D:8 3 runed translucent doors, MirrMurr's ghost, novice SpEn


Innate Abilities, Weirdness & Mutations

Your body is rotting away.
You thrive on raw meat.
You are immune to poison.
You have sharp fingernails.
You are carnivorous and can eat meat at any time.
Your flesh is cold resistant. (rC+)
You are immune to negative energy. (rN+++)
You do not regenerate when monsters are visible.
You are immune to unholy pain and torment.
You can survive without breathing.


Message History

The yak barely misses you.
Eat one of 6 chunks of flesh? (ye/n/q)
You eat one of the 6 chunks of flesh.
This raw flesh tastes great!
The yak closely misses you.
You hit the yak.
The yak looks as sick as possible!
The yak is almost dead.
The yak gores you!
You hit the yak.
You kill the yak!
You hit the yak but do no damage.
The yak is poisoned.
The yak gores you!
* * * LOW HITPOINT WARNING * * *
You hit the yak but do no damage.
Eat one of 5 chunks of flesh? (ye/n/q)
You eat one of the 5 chunks of flesh.
This raw flesh tastes great!
The yak gores you!
* * * LOW HITPOINT WARNING * * *
Eat one of 4 chunks of flesh? (ye/n/q)
You eat one of the 4 chunks of flesh.
This raw flesh tastes great!
The yak gores you!
You die...

### ####.## ### ##..#.†##
#.###### #.....YY######.#....#
##....##@..#........####
######...{.#...............#
#.#..##....#...............##
##........Y.####...##........#
#............##########......#
*#..............# ####....#...#
<.....#!........#.........#....
.#####.......................#
##.................#......


You could see 2 yaks.

Vanquished Creatures
  A two-headed ogre (D:8)
  Erica (D:8)
  Grinder (D:4)
  A hippogriff (D:7)
  4 yaks (D:9)
  A hungry ghost (D:8)
  A sky beast (D:3)
  A black bear (D:8)
  2 phantoms
  5 ogres
  A centaur (D:7)
  Blork the orc (D:4)
  5 bullfrogs
  2 scorpions
  2 howler monkeys
  6 crimson imps
  2 centaur zombies
  4 orc wizards
  Crazy Yiuf (D:7)
  4 hounds
  2 jellies
  2 bullfrog skeletons (D:8)
  Jessica (D:3)
  Ijyb (D:3)
  Natasha (thrice) (D:3)
  4 iguanas
  7 worker ants
  A hound zombie (D:6)
  2 hound skeletons
  A howler monkey zombie (D:5)
  A howler monkey skeleton (D:6)
  7 adders
  2 shadow imps
  2 oozes
  2 adder skeletons
  A worm (D:2)
  3 dart slugs
  6 leopard geckos
  19 orcs
  4 ball pythons
  6 giant cockroaches
  7 goblins
  10 hobgoblins
  10 jackals
  5 quokkas
  6 bats
  7 frilled lizards
  6 kobolds
  A leopard gecko skeleton (D:6)
  2 leopard gecko zombies
  6 rats
183 creatures vanquished.

Vanquished Creatures (others)
  5 plants (D:8)
5 creatures vanquished.

Grand Total: 188 creatures vanquished

Notes
Turn   | Place    | Note
-------+----------+-------------------------------------------
     0 | D:1      | Borgoz the Ghoul Enchanter began the quest for the Orb.
     0 | D:1      | Reached XP level 1. HP: 14/14 MP: 2/2
    13 | D:1      | Reached skill level 1 in Short Blades
   457 | D:1      | Reached XP level 2. HP: 18/20 MP: 3/3
   947 | D:2      | Reached XP level 3. HP: 17/26 MP: 4/4
  1378 | D:2      | Found a stormy altar of Qazlal.
  1383 | D:2      | Found a blossoming altar of Fedhas.
  1429 | D:2      | Learned a level 2 spell: Ensorcelled Hibernation
  1609 | D:2      | Reached XP level 4. HP: 25/32 MP: 5/5
  2215 | D:3      | Noticed Jessica
  2222 | D:3      | Killed Jessica
  2321 | D:3      | Reached XP level 5. HP: 27/38 MP: 6/6
  2481 | D:3      | Noticed Natasha
  2488 | D:3      | Killed Natasha
  2535 | D:3      | Noticed Natasha
  2538 | D:3      | Killed Natasha
  2551 | D:3      | Noticed Natasha
  2561 | D:3      | Killed Natasha
  2582 | D:4      | Reached XP level 6. HP: 41/44 MP: 2/7
  2672 | D:3      | Noticed Ijyb
  2675 | D:3      | Killed Ijyb
  2709 | D:3      | Noticed a sky beast
  2717 | D:3      | Killed a sky beast
  2992 | D:4      | Found Kies's Antique Armour Shop.
  3004 | D:4      | Found an iron altar of Okawaru.
  3013 | D:4      | Found a deep blue altar of Sif Muna.
  3016 | D:4      | Found an opulent altar of Gozag.
  3016 | D:4      | Found a bloodstained altar of Trog.
  3362 | D:4      | Reached XP level 7. HP: 26/50 MP: 8/8
  3626 | D:4      | Noticed Grinder
  3640 | D:4      | Killed Grinder
  3640 | D:4      | Reached skill level 5 in Stealth
  3898 | D:4      | Noticed Blork the orc
  3910 | D:4      | Killed Blork the orc
  4152 | D:5      | Entered Level 5 of the Dungeon
  4159 | D:5      | Found a staircase to the Ecumenical Temple.
  4197 | Temple   | Entered the Ecumenical Temple
  4443 | Temple   | Became a worshipper of Ashenzari the Shackled
  4664 | D:5      | Reached XP level 8. HP: 57/57 MP: 9/9
  4737 | D:5      | Reached skill level 5 in Hexes
  5258 | D:6      | Reached skill level 5 in Short Blades
  5689 | D:6      | Found a hide-covered altar of Uskayaw.
  6175 | D:7      | Reached * piety under Ashenzari
  6218 | D:7      | Noticed a queen bee
  6236 | D:7      | Found a transporter.
  6238 | D:7      | Found a transporter.
  6325 | D:7      | Reached XP level 9. HP: 59/61 MP: 3/10
  6681 | D:7      | Found a radiant altar of Vehumet.
  7080 | D:7      | Found a runed translucent door.
  7081 | D:7      | Noticed Crazy Yiuf
  7088 | D:7      | Killed Crazy Yiuf
  7168 | D:8      | Noticed a nine-headed hydra
  7171 | D:8      | Found a runed translucent gate.
  7171 | D:8      | Found a runed translucent gate.
  7171 | D:8      | Found a runed translucent gate.
  7171 | D:8      | Noticed MirrMurr's ghost (novice SpEn)
  7216 | D:8      | Found Hamyvyzo's Magic Scroll Shop.
  7230 | D:8      | Bought a scroll of identify for 26 gold pieces
  7230 | D:8      | Bought a scroll of identify for 26 gold pieces
  7310 | D:8      | Noticed Erica
  7333 | D:8      | Killed Erica
  7333 | D:8      | Reached skill level 5 in Dodging
  7369 | D:8      | Reached ** piety under Ashenzari
  7495 | D:8      | Got the cursed robe of Grace {MR+ Int+5}
  7535 | D:8      | Noticed a two-headed ogre
  7547 | D:8      | Killed a two-headed ogre
  7547 | D:8      | Reached XP level 10. HP: 42/69 MP: 11/11
  8298 | D:9      | Noticed a two-headed ogre
  8672 | D:9      | Found a glowing silver altar of Zin.
  8807 | D:9      | Slain by a yak

Skill      XL: |  1  2  3  4  5  6  7  8  9 10 |
---------------+-------------------------------+-----
Short Blades   | 1 2 3 4 5 7 8 |  8.2
Dodging        | 2 3 4 5 |  5.9
Hexes          | 3 4 5 7 |  7.9
Stealth        | 4 5 6 7 8 |  8.2
Spellcasting   | |  1.7

Action                   |  1- 3 |  4- 6 |  7- 9 | 10-12 || total
-------------------------+-------+-------+-------+-------++-------
Melee: Dagger            |   111 |   146 |   370 |   148 ||   775
 Cast: Corona            |     4 |       |     7 |     5 ||    16
       Ensorcelled Hiber |       |     3 |    14 |    12 ||    29
Evoke: Wand              |       |       |       |     2 ||     2
  Use: Scroll            |       |     3 |     7 |       ||    10
       Potion            |       |       |     1 |       ||     1
 Stab: Sleeping          |     4 |    18 |    33 |     7 ||    62
       Distracted        |       |     1 |       |       ||     1
  Eat: Chunk             |    12 |    15 |    29 |    10 ||    66
Armor: Robe              |    21 |    18 |    72 |    22 ||   133
Dodge: Dodged            |    59 |    69 |   186 |    75 ||   389
